ATL
LANCASTER BARNSTORMERS @ YORK REVOLUTION
05/24/2072
 
TOP OF THE 1ST
York Revolution batting - Pitching for Southern Maryland Blue Crabs : LHP Mike Ross
Pitching: LHP Mike Ross
Batting: RHB Jonathan Morales 0-0: Foul Ball, location: 2F
0-1: Swinging Strike
0-2: Ball
1-2: Strikes out swinging
Batting: RHB Ryan Riley 0-0: Foul Ball, location: 2F
0-1: SOLO HOME RUN (Line Drive, 7D, EV 101.9 MPH), Distance : 409 ft
Batting: RHB Nick Fields 0-0: Ball
1-0: Foul Ball, location: 2F
1-1: Ball
2-1: Reached on error, E5 (Groundball, 56S, EV 93.1 MPH)
Batting: RHB Dan Malmstrom 0-0: Ball
1-0: Foul Ball, location: 2F
1-1: Swinging Strike
1-2: Foul Ball, location: 2F
1-2: Ball
2-2: Strikes out swinging
Batting: RHB Xavier Turner 0-0: Ball
1-0: 2-RUN HOME RUN (Flyball, 89XD, EV 111.9 MPH), Distance : 435 ft
Batting: RHB Shane Attard 0-0: Ground out 4-3 (Groundball, 4, EV 108.1 MPH)
Top of the 1st over - 3 runs, 2 hits, 1 error, 0 left on base; York 3 - Southern Maryland 0
BOTTOM OF THE 1ST
Southern Maryland Blue Crabs batting - Pitching for York Revolution : RHP Zack Seale
Pitching: RHP Zack Seale
Batting: RHB Ryan Joy 0-0: Ball
1-0: Called Strike
1-1: DOUBLE (Line Drive, 9LD, EV 110.0 MPH)
Batting: RHB Pat Desormeaux 0-0: SINGLE (Groundball, 56D, EV 107.5 MPH)
Ryan Joy to third
Batting: RHB John Shaw 0-0: SINGLE (Line Drive, 7S, EV 107.5 MPH)
Ryan Joy scores
Pat Desormeaux to second
Batting: RHB Jesse Norris 0-0: Called Strike
0-1: Ball
1-1: Fly out, F9 (Flyball, 9LD, EV 108.1 MPH)
Runner from 2nd tags up, SAFE at 3rd, no throw by RF
Batting: LHB Kris Soto 0-0: Called Strike
0-1: Ball
Passed Ball!
Pat Desormeaux scores
John Shaw to second
1-1: Ball
2-1: Ball
3-1: Base on Balls
Batting: RHB Tom Daly 0-0: Called Strike
0-1: Ball
1-1: Called Strike
1-2: Ball
2-2: Strikes out swinging
Batting: RHB Matt Kirby 0-0: Foul Ball, location: 2F
0-1: Ball
1-1: Ball
2-1: Ball
3-1: Fly out, F8 (Flyball, 8RD, EV 96.2 MPH)
Bottom of the 1st over - 2 runs, 3 hits, 0 errors, 2 left on base; York 3 - Southern Maryland 2
TOP OF THE 2ND
York Revolution batting - Pitching for Southern Maryland Blue Crabs : LHP Mike Ross
Batting: RHB Israel Sorto 0-0: Called Strike
0-1: Fly out, F7 (Line Drive, 7, EV 94.4 MPH)
Batting: RHB Rafael Aguillar 0-0: Foul Ball, location: 2F
0-1: Swinging Strike
0-2: Ball
1-2: Fly out, F6 (Popup, 4MD, EV 71.9 MPH)
Batting: LHB Jake Duran 0-0: Called Strike
0-1: Swinging Strike
0-2: Ball
1-2: Ball
2-2: Strikes out swinging
Top of the 2nd over - 0 runs, 0 hits, 0 errors, 0 left on base; York 3 - Southern Maryland 2
BOTTOM OF THE 2ND
Southern Maryland Blue Crabs batting - Pitching for York Revolution : RHP Zack Seale
Batting: RHB Melvin Palacios 0-0: Called Strike
0-1: Swinging Strike
0-2: Ball
1-2: Strikes out swinging
Batting: RHB Bobby Stoots 0-0: Called Strike
0-1: Swinging Strike
0-2: Ball
1-2: Strikes out looking
Batting: RHB Ryan Joy 0-0: Ball
1-0: Ground out 6-3 (Groundball, 6, EV 108.1 MPH)
Bottom of the 2nd over - 0 runs, 0 hits, 0 errors, 0 left on base; York 3 - Southern Maryland 2
TOP OF THE 3RD
York Revolution batting - Pitching for Southern Maryland Blue Crabs : LHP Mike Ross
Batting: RHB Jonathan Morales 0-0: Foul Ball, location: 2F
0-1: Ground out 5-3 (Groundball, 56S, EV 85.0 MPH)
Batting: RHB Ryan Riley 0-0: Ball
1-0: SINGLE (Line Drive, 56D, EV 94.4 MPH)
Batting: RHB Nick Fields 0-0: Foul Ball, location: 2F
0-1: Foul Ball, location: 2F
0-2: Ball
1-2: Foul Ball, location: 2F
1-2: Ball
2-2: Ball
3-2: Base on Balls
Ryan Riley to second
Batting: RHB Dan Malmstrom 0-0: Called Strike
0-1: SINGLE (Groundball, 34D, EV 95.0 MPH)
Ryan Riley to third
Nick Fields to second
Runner from 3rd tries for Home, SAFE, throw by RF to home
Batting: RHB Xavier Turner 0-0: Ball
1-0: Called Strike
1-1: Foul Ball, location: 2F
1-2: Grounds into double play, 4-6-3 (Groundball, 34, EV 102.5 MPH)
Top of the 3rd over - 1 run, 2 hits, 0 errors, 1 left on base; York 4 - Southern Maryland 2
BOTTOM OF THE 3RD
Southern Maryland Blue Crabs batting - Pitching for York Revolution : RHP Zack Seale
Batting: RHB Pat Desormeaux 0-0: Called Strike
0-1: Ball
1-1: Called Strike
1-2: DOUBLE (Flyball, 8LXD, EV 108.8 MPH)
Batting: RHB John Shaw 0-0: Ball
1-0: Called Strike
1-1: Swinging Strike
1-2: Ball
2-2: Ball
3-2: SINGLE (Groundball, 34D, EV 103.1 MPH)
Pat Desormeaux to third
Batting: RHB Jesse Norris 0-0: Swinging Strike
0-1: Swinging Strike
0-2: Foul Ball, location: 2F
0-2: Strikes out swinging
Batting: LHB Kris Soto 0-0: Ball
1-0: Fly out, F8 (Flyball, 8RM, EV 81.9 MPH)
Runner from 3rd tags up, SCORES, throw by CF
Batting: RHB Tom Daly 0-0: Foul Ball, location: 2F
0-1: Swinging Strike
0-2: Foul Ball, location: 2F
0-2: Fly out, F8 (Flyball, 8RS, EV 90.0 MPH)
Bottom of the 3rd over - 1 run, 2 hits, 0 errors, 1 left on base; York 4 - Southern Maryland 3
TOP OF THE 4TH
York Revolution batting - Pitching for Southern Maryland Blue Crabs : LHP Mike Ross
Batting: RHB Shane Attard 0-0: SINGLE (Groundball, 34D, EV 96.2 MPH)
Batting: RHB Israel Sorto 0-0: Called Strike
0-1: Called Strike
0-2: Fly out, F8 (Line Drive, 8RD, EV 86.2 MPH)
Batting: RHB Rafael Aguillar 0-0: Ball
1-0: Foul Ball, location: 2F
1-1: Ball
2-1: Called Strike
2-2: Foul Ball, location: 2F
2-2: Strikes out swinging
Batting: LHB Jake Duran 0-0: Called Strike
0-1: Ball
1-1: Fly out, F8 (Flyball, 78D, EV 89.4 MPH)
Top of the 4th over - 0 runs, 1 hit, 0 errors, 1 left on base; York 4 - Southern Maryland 3
BOTTOM OF THE 4TH
Southern Maryland Blue Crabs batting - Pitching for York Revolution : RHP Zack Seale
Batting: RHB Matt Kirby 0-0: Ball
1-0: Called Strike
1-1: Ball
2-1: Ball
3-1: SINGLE (Line Drive, 9S, EV 100.0 MPH)
Batting: RHB Melvin Palacios 0-0: Fly out, F9 (Flyball, 9, EV 95.0 MPH)
Batting: RHB Bobby Stoots 0-0: Fielders Choice at 2nd, 5-4 (Groundball, 56, EV 89.4 MPH)
Batting: RHB Ryan Joy 0-0: Swinging Strike
0-1: Fly out, F7 (Line Drive, 7, EV 92.5 MPH)
Bottom of the 4th over - 0 runs, 1 hit, 0 errors, 1 left on base; York 4 - Southern Maryland 3
TOP OF THE 5TH
York Revolution batting - Pitching for Southern Maryland Blue Crabs : LHP Mike Ross
Batting: RHB Jonathan Morales 0-0: Called Strike
0-1: Ground out 2-3 (Groundball, 2L, EV 75.0 MPH)
Batting: RHB Ryan Riley 0-0: Swinging Strike
0-1: Ball
1-1: Ball
2-1: Foul Ball, location: 2F
2-2: Ball
3-2: Base on Balls
Batting: RHB Nick Fields 0-0: Fly out, F7 (Flyball, 7S, EV 91.2 MPH)
Batting: RHB Dan Malmstrom 0-0: Ball
Ryan Riley steals 2nd base
1-0: Foul Ball, location: 2F
1-1: Ball
2-1: Swinging Strike
2-2: Ground out 6-3 (Groundball, 6, EV 95.6 MPH)
Top of the 5th over - 0 runs, 0 hits, 0 errors, 1 left on base; York 4 - Southern Maryland 3
BOTTOM OF THE 5TH
Southern Maryland Blue Crabs batting - Pitching for York Revolution : RHP Zack Seale
Batting: RHB Pat Desormeaux 0-0: Ball
1-0: Called Strike
1-1: Fly out, F9 (Flyball, 89M, EV 83.1 MPH)
Batting: RHB John Shaw 0-0: Ball
1-0: Fly out, F8 (Flyball, 8LS, EV 88.8 MPH)
Batting: RHB Jesse Norris 0-0: Called Strike
0-1: Called Strike
0-2: Ball
1-2: Foul Ball, location: 2F
1-2: Foul Ball, location: 2F
1-2: Ball
2-2: SINGLE (Line Drive, 34D, EV 98.1 MPH)
Batting: LHB Kris Soto 0-0: Called Strike
0-1: Ball
1-1: Ball
2-1: Fly out, F8 (Flyball, 8LXD, EV 103.8 MPH)
Bottom of the 5th over - 0 runs, 1 hit, 0 errors, 1 left on base; York 4 - Southern Maryland 3
TOP OF THE 6TH
York Revolution batting - Pitching for Southern Maryland Blue Crabs : LHP Mike Ross
Batting: RHB Xavier Turner 0-0: Called Strike
0-1: Called Strike
0-2: Foul Ball, location: 2F
0-2: Ball
1-2: Strikes out swinging
Pitching: RHP Jim Lauth
Batting: RHB Shane Attard 0-0: Called Strike
0-1: Called Strike
0-2: Strikes out swinging
Batting: RHB Israel Sorto 0-0: Ball
1-0: Ball
2-0: Called Strike
2-1: Swinging Strike
2-2: Ball
3-2: Strikes out looking
Top of the 6th over - 0 runs, 0 hits, 0 errors, 0 left on base; York 4 - Southern Maryland 3
BOTTOM OF THE 6TH
Southern Maryland Blue Crabs batting - Pitching for York Revolution : RHP Zack Seale
Pitching: LHP Santos Barraza
Batting: RHB Tom Daly 0-0: Ball
1-0: Ball
2-0: Fly out, F8 (Line Drive, 8LM, EV 88.1 MPH)
Batting: RHB Matt Kirby 0-0: Swinging Strike
0-1: Ground out 6-3 (Groundball, 6, EV 105.6 MPH)
Batting: RHB Melvin Palacios 0-0: Swinging Strike
0-1: Called Strike
0-2: Foul Ball, location: 2F
0-2: Ball
1-2: Strikes out swinging
Bottom of the 6th over - 0 runs, 0 hits, 0 errors, 0 left on base; York 4 - Southern Maryland 3
TOP OF THE 7TH
York Revolution batting - Pitching for Southern Maryland Blue Crabs : RHP Jim Lauth
Batting: RHB Rafael Aguillar 0-0: SOLO HOME RUN (Flyball, 7D, EV 88.8 MPH), Distance : 371 ft
Batting: LHB Jake Duran 0-0: Ball
1-0: Called Strike
1-1: Ball
2-1: Ground out U3 (Groundball, 3, EV 83.1 MPH)
Batting: RHB Jonathan Morales 0-0: Ball
1-0: Called Strike
1-1: Foul Ball, location: 2F
1-2: Ground out 1-3 (Groundball, 13, EV 73.8 MPH)
Batting: RHB Ryan Riley 0-0: Foul Ball, location: 2F
0-1: Ground out 6-3 (Groundball, 6, EV 94.4 MPH)
Top of the 7th over - 1 run, 1 hit, 0 errors, 0 left on base; York 5 - Southern Maryland 3
BOTTOM OF THE 7TH
Southern Maryland Blue Crabs batting - Pitching for York Revolution : LHP Santos Barraza
Batting: RHB Bobby Stoots 0-0: Fly out, F8 (Flyball, 8LS, EV 89.4 MPH)
Batting: RHB Ryan Joy 0-0: Ball
1-0: Ball
2-0: Ball
3-0: Called Strike
3-1: SINGLE (Groundball, 13, EV 79.4 MPH) (infield hit)
Batting: RHB Pat Desormeaux 0-0: Ball
1-0: Ball
2-0: Swinging Strike
2-1: Swinging Strike
2-2: Strikes out swinging
Batting: RHB John Shaw 0-0: Called Strike
0-1: Ball
1-1: Called Strike
1-2: Ball
2-2: Strikes out swinging
Bottom of the 7th over - 0 runs, 1 hit, 0 errors, 1 left on base; York 5 - Southern Maryland 3
TOP OF THE 8TH
York Revolution batting - Pitching for Southern Maryland Blue Crabs : RHP Jim Lauth
Batting: RHB Nick Fields 0-0: Ball
1-0: Called Strike
1-1: Foul Ball, location: 2F
1-2: Foul Ball, location: 2F
1-2: Ground out 6-3 (Groundball, 6, EV 89.4 MPH)
Batting: RHB Dan Malmstrom 0-0: Called Strike
0-1: Ball
1-1: Swinging Strike
1-2: Ball
2-2: Ball
3-2: Ground out U3 (Groundball, 34, EV 92.5 MPH)
Batting: RHB Xavier Turner 0-0: Ball
1-0: Swinging Strike
1-1: Ball
2-1: Foul Ball, location: 2F
2-2: Ball
3-2: Foul Ball, location: 2F
3-2: Strikes out swinging
Top of the 8th over - 0 runs, 0 hits, 0 errors, 0 left on base; York 5 - Southern Maryland 3
BOTTOM OF THE 8TH
Southern Maryland Blue Crabs batting - Pitching for York Revolution : LHP Santos Barraza
Batting: RHB Jesse Norris 0-0: Foul Ball, location: 2F
0-1: Called Strike
0-2: Ball
1-2: Strikes out swinging
Batting: LHB Kris Soto 0-0: Ball
1-0: Ball
2-0: Called Strike
2-1: Ball
3-1: Called Strike
3-2: Strikes out swinging
Batting: RHB Tom Daly 0-0: Called Strike
0-1: Ground out 4-3 (Groundball, 4M, EV 81.9 MPH)
Bottom of the 8th over - 0 runs, 0 hits, 0 errors, 0 left on base; York 5 - Southern Maryland 3
TOP OF THE 9TH
York Revolution batting - Pitching for Southern Maryland Blue Crabs : RHP Jim Lauth
Batting: RHB Shane Attard 0-0: Swinging Strike
0-1: Called Strike
0-2: Foul Ball, location: 2F
0-2: SINGLE (Flyball, 89S, EV 89.4 MPH)
Pitching: RHP Chad Moushon
Batting: RHB Israel Sorto 0-0: Fly out, F9 (Flyball, 9, EV 87.5 MPH)
Batting: RHB Rafael Aguillar 0-0: Called Strike
0-1: Foul Ball, location: 2F
0-2: Strikes out swinging
Batting: LHB Jake Duran 0-0: Ball
1-0: Called Strike
1-1: Foul Ball, location: 2F
1-2: Ball
2-2: Foul Ball, location: 2F
2-2: Foul Ball, location: 2F
2-2: Foul Ball, location: 2F
2-2: Ground out 4-3 (Groundball, 4, EV 84.4 MPH)
Top of the 9th over - 0 runs, 1 hit, 0 errors, 1 left on base; York 5 - Southern Maryland 3
BOTTOM OF THE 9TH
Southern Maryland Blue Crabs batting - Pitching for York Revolution : LHP Santos Barraza
Pitching: RHP Corey Spade
Now at SS: Eddie Larracuente
Batting: RHB Matt Kirby 0-0: Called Strike
0-1: Fly out, F4 (Popup, 34, EV 62.5 MPH)
Batting: RHB Melvin Palacios 0-0: Called Strike
0-1: Called Strike
0-2: Ball
1-2: Foul Ball, location: 2F
1-2: Ball
2-2: Strikes out looking
Batting: RHB Bobby Stoots 0-0: Called Strike
0-1: Called Strike
0-2: Ball
1-2: Fly out, F8 (Flyball, 8RM, EV 96.9 MPH)
Bottom of the 9th over - 0 runs, 0 hits, 0 errors, 0 left on base; York 5 - Southern Maryland 3
Friday, October 22nd , 2021 - OOTP Baseball 22.10 Build 79